 Dungeon Crawl Stone Soup version 0.22.3-3-g34f245f157 (webtiles) character file.

2272 Morbidden the Grappler (level 9, -2/84 HPs)
             Began as a Troll Hunter on Aug 20, 2020.
             Was a Follower of Cheibriados.
             Slain by a yak (4 damage)
             ... on level 7 of the Dungeon.
             The game lasted 00:10:56 (4645 turns).

Morbidden the Grappler (Troll Hunter)               Turns: 4645, Time: 00:10:56

Health: -2/84      AC:  7    Str: 28    XL:     9   Next: 16%
Magic:  18/18      EV: 11    Int: 10    God:    Cheibriados [*.....]
Gold:   319        SH:  0    Dex: 13    Spells: 8/8 levels left

rFire    . . .     SeeInvis .     - Unarmed
rCold    . . .     Gourm    +   (no shield)
rNeg     . . .     Faith    .   i - +0 robe (curse)
rPois    +         Spirit   .   (helmet restricted)
rElec    .         Reflect  .   q - +1 cloak {+Inv}
rCorr    .         Harm     .   (gloves unavailable)
MR       .....                  (boots unavailable)
Stlth    ++........             (no amulet)
HPRegen  0.64/turn              r - ring of magical power
MPRegen  0.16/turn              t - ring of poison resistance

@: very slow
A: large, unfitting armour, claws 3, fast metabolism 3, gourmand, regeneration
1, shaggy fur 1, tough skin 2
a: Bend Time, Renounce Religion, Evoke Invisibility


You were on level 7 of the Dungeon.
You worshipped Cheibriados.
Cheibriados was aware of your devotion.
You were not hungry.

You visited 1 branch of the dungeon, and saw 7 of its levels.

You collected 319 gold pieces.

Inventory:

Missiles
 a - 214 stones (quivered)
 c - 5 large rocks
 d - a throwing net
 x - 8 tomahawks
Armour
 i - a cursed +0 robe (worn)
 q - a +1 cloak of invisibility (worn)
Jewellery
 r - a ring of magical power (left claw)
 t - a ring of poison resistance (right claw)
Wands
 n - a wand of flame (19)
 w - a wand of polymorph (18)
 y - a wand of iceblast (6)
Scrolls
 b - a scroll of fog {unknown}
 e - 3 scrolls of immolation
 g - 4 scrolls of identify
 j - 4 scrolls of remove curse {unknown}
 k - a scroll of amnesia {unknown}
 o - 2 scrolls of blinking {unknown}
 p - 2 scrolls of enchant weapon {unknown}
 u - 2 scrolls of teleportation {unknown}
Potions
 h - a potion of berserk rage {unknown}
 l - a potion of invisibility {unknown}
 m - a potion of agility {unknown}
 s - 2 potions of lignification {unknown}
 v - 2 potions of curing
 A - 2 potions of brilliance {unknown}
Comestibles
 f - 13 rations


   Skills:
 * Level 3.8 Fighting
 * Level 5.9 Throwing
 + Level 3.2 Dodging
 + Level 1.1 Stealth
 * Level 8.6 Unarmed Combat
 * Level 2.4 Invocations
 + Level 0.8 Evocations


You had 8 spell levels left.
You didn't know any spells.
Your spell library contained the following spells:

 Spells                   Type           Power        Failure   Level  Hunger
 Confusing Touch          Hex            #.....       36%         1    ##.....
 Freeze                   Ice            #...         36%         1    ##.....
 Throw Frost              Conj/Ice       #.....       50%         2    ###....
 Confuse                  Hex            #.......     75%         3    ####...
 Gell's Gravitas          Tloc           #.........   75%         3    ####...
 Ozocubu's Armour         Chrm/Ice       #.......     75%         3    ####...
 Petrify                  Tmut/Erth      #.......     98%         4    #####..
 Summon Ice Beast         Ice/Summ       #.......     98%         4    #####..
 Throw Icicle             Conj/Ice       #.......     98%         4    #####..
 Metabolic Englaciation   Hex/Ice        #.........   100%        5    ######.
 Yara's Violent Unravell  Hex/Tmut       #.........   100%        5    ######.


Dungeon Overview and Level Annotations

Branches:
Dungeon (7/15)             Temple (0/1) D:5

Altars:
Ashenzari
Cheibriados
Dithmenos
Elyvilon
Hepliaklqana
Makhleb
Nemelex Xobeh
Okawaru
Qazlal
Sif Muna
Uskayaw
Xom

Shops:
D:4 %

Annotations:
D:4 3 runed doors, Skippwaahh's ghost, amateur MfMo
D:6 exclusion: oklob plant


Innate Abilities, Weirdness & Mutations

You are too large for most types of armour.
You have claws for hands.
Your metabolism is lightning-fast.
You like to eat raw meat.
Your natural rate of healing is unusually fast.
You are covered in fur. (AC +1)
You have very tough skin. (AC +2)


Message History

* * * LOW HITPOINT WARNING * * *
The yak closely misses you.
Unknown command.
You barely miss the hog.
The hog is almost dead.
The hog bites you!
* * * LOW HITPOINT WARNING * * *
Unknown command.
You closely miss the hog.
The hog is almost dead.
The hog closely misses you. The yak gores you but does no damage.
Unknown command.
You mangle the hog!!
You kill the hog!
Cheibriados thoroughly appreciates the change of pace.
The yak gores you!
* * * LOW HITPOINT WARNING * * *
Unknown command.
The yak gores you.
You die...

#.# #.#.# # #.#
#.#.#
..#####.####.#.#
.............#.#
######.######
###.# #...#
#Y#.# #######@.#
#%%...'..#
#%....#.##
###'#####
#.....# #.....#
#######


You could see a yak.

Vanquished Creatures
  3 hogs (D:7)
  A human (D:7)
  2 phantoms
  An orc warrior (D:6)
  2 ice beasts
  2 ogres
  3 centaurs
  A scorpion (D:6)
  2 howler monkeys (D:5)
  2 hounds
  3 quasits (D:6)
  A bullfrog skeleton (D:6)
  A jelly (D:5)
  2 orc priests
  Crazy Yiuf (D:2)
  Ijyb (D:4)
  Natasha (thrice) (D:3)
  4 orc wizards
  2 worker ants
  A hound zombie (D:5)
  A howler monkey zombie (D:6)
  6 adders
  A shadow imp (D:5)
  2 worms
  A dart slug (D:3)
  3 leopard geckos (D:6)
  21 orcs
  3 ball pythons
  9 bats
  3 giant cockroaches
  4 goblins
  8 hobgoblins
  6 jackals
  6 kobolds
  A quokka (D:2)
  8 frilled lizards
  8 rats
129 creatures vanquished.

Notes
Turn   | Place    | Note
-------+----------+-------------------------------------------
     0 | D:1      | Morbidden the Troll Hunter began the quest for the Orb.
     0 | D:1      | Reached XP level 1. HP: 19/19 MP: 0/0
   163 | D:1      | Reached XP level 2. HP: 25/27 MP: 1/1
   412 | D:1      | Reached skill level 1 in Unarmed Combat
   899 | D:2      | Reached XP level 3. HP: 33/35 MP: 2/2
  1219 | D:2      | Found a runed door.
  1299 | D:2      | Found a deep blue altar of Sif Muna.
  1331 | D:2      | Reached skill level 2 in Unarmed Combat
  1464 | D:2      | Noticed Crazy Yiuf
  1466 | D:2      | Killed Crazy Yiuf
  1466 | D:2      | Reached XP level 4. HP: 42/42 MP: 3/3
  1537 | D:2      | HP: 1/42 [orc priest/divine providence (17)]
  1640 | D:3      | Found a radiant altar of Vehumet.
  1642 | D:3      | Found an iron altar of Okawaru.
  1642 | D:3      | Found a stormy altar of Qazlal.
  1644 | D:3      | Found a shimmering altar of Xom.
  1644 | D:3      | Found a burning altar of Makhleb.
  1644 | D:3      | Found a shattered altar of Ashenzari.
  1780 | D:3      | Noticed Natasha
  1890 | D:3      | Killed Natasha
  1890 | D:3      | Reached skill level 3 in Unarmed Combat
  1890 | D:3      | Reached XP level 5. HP: 43/49 MP: 4/4
  1901 | D:3      | Noticed Natasha
  2129 | D:3      | Killed Natasha
  2129 | D:3      | Reached XP level 6. HP: 55/57 MP: 5/5
  2335 | D:3      | Noticed Natasha
  2339 | D:3      | Killed Natasha
  2368 | D:4      | Found a runed gate.
  2368 | D:4      | Found a runed gate.
  2368 | D:4      | Found a runed gate.
  2368 | D:4      | Noticed Skippwaahh's ghost (amateur MfMo)
  2398 | D:4      | Reached skill level 4 in Unarmed Combat
  2550 | D:4      | Found a sparkling altar of Nemelex Xobeh.
  2652 | D:4      | Found Jestugg's Food Shop.
  2755 | D:4      | Found a white marble altar of Elyvilon.
  2884 | D:4      | Noticed Ijyb
  2894 | D:4      | Killed Ijyb
  2927 | D:4      | Reached XP level 7. HP: 66/66 MP: 6/6
  2980 | D:5      | Entered Level 5 of the Dungeon
  2986 | D:5      | Found a staircase to the Ecumenical Temple.
  3006 | D:5      | Reached skill level 5 in Unarmed Combat
  3012 | D:5      | Reached skill level 5 in Throwing
  3261 | D:5      | Reached skill level 6 in Unarmed Combat
  3304 | D:5      | Found a snail-covered altar of Cheibriados.
  3316 | D:5      | Became a worshipper of Cheibriados the Contemplative
  3616 | D:5      | Found a shadowy altar of Dithmenos.
  3691 | D:5      | Reached XP level 8. HP: 34/75 MP: 7/7
  3917 | D:6      | Found an iron altar of Okawaru.
  3918 | D:6      | Found a burning altar of Makhleb.
  3918 | D:6      | Found a hazy altar of Hepliaklqana.
  3919 | D:6      | Found a hide-covered altar of Uskayaw.
  3919 | D:6      | Found a stormy altar of Qazlal.
  3954 | D:6      | Noticed an oklob plant
  4021 | D:6      | Reached skill level 7 in Unarmed Combat
  4021 | D:6      | Reached skill level 1 in Invocations
  4083 | D:6      | Reached * piety under Cheibriados
  4083 | D:6      | Reached skill level 1 in Stealth
  4215 | D:6      | Found a white marble altar of Elyvilon.
  4620 | D:7      | Reached skill level 8 in Unarmed Combat
  4630 | D:7      | Reached XP level 9. HP: 48/84 MP: 9/9
  4644 | D:7      | HP: 1/84 [yak (11)]
  4645 | D:7      | Slain by a yak

Skill      XL: |  1  2  3  4  5  6  7  8 |
---------------+-------------------------+-----
Throwing       | 4 5 |  5.9
Unarmed Combat | 1 2 3 4 6 8 |  8.6
Fighting       | 2 3 |  3.8
Dodging        | 2 3 |  3.2
Invocations    | 2 |  2.4
Stealth        | 1 |  1.1
Evocations     | |  0.8

Action                   |  1- 3 |  4- 6 |  7- 9 || total
-------------------------+-------+-------+-------++-------
Melee: Unarmed           |   116 |   135 |   158 ||   409
       Punch             |     1 |     3 |     5 ||     9
Throw: Stone             |    48 |    27 |    42 ||   117
       Large rock        |     2 |     5 |       ||     7
       Throwing net      |       |     1 |       ||     1
Evoke: Wand              |       |       |     9 ||     9
  Use: Scroll            |     1 |       |     2 ||     3
       Potion            |       |     5 |     1 ||     6
 Stab: Sleeping          |     1 |       |     1 ||     2
       Held in net/web   |       |     1 |       ||     1
       Distracted        |       |     1 |       ||     1
  Eat: Chunk             |    18 |    12 |    10 ||    40
Armor: Robe              |    49 |    65 |    45 ||   159
Dodge: Dodged            |    60 |    87 |    95 ||   242
